 Dungeon Crawl Stone Soup version 0.18.1-48-g4cf74bf (webtiles) character file.

73 Melfield the Cudgeler (level 4, -2/44 HPs)
             Began as a Troll Berserker on Aug 11, 2016.
             Was a Believer of Trog.
             Slain by a hobgoblin
             ... wielding a +0 club
              (3 damage)
             ... on level 2 of the Dungeon.
             The game lasted 00:05:28 (1173 turns).

Melfield the Cudgeler (Troll Berserker)             Turns: 1173, Time: 00:05:29

Health: -2/44      AC:  5    Str: 30    XL:     4   Next: 8%
Magic:  3/3        EV: 10    Int:  3    God:    Trog [**....]
Gold:   30         SH:  0    Dex: 10    Spells: 0 memorised, 3 levels left

rFire  . . .     SeeInvis .     c - +0 mace
rCold  . . .     Gourm    +     b - +0 animal skin
rNeg   . . .     Faith    .     (no shield)
rPois  .         Spirit   .     (helmet restricted)
rElec  .         Dismiss  .     (no cloak)
rCorr  .         Reflect  .     (gloves unavailable)
SustAt .         Harm     .     (boots unavailable)
MR     .....                    (no amulet)
Stlth  +.........               (no ring)
                                (no ring)

@: mighty, exhausted, slowed, very slow, not resistant to hostile enchantments,
very unstealthy
A: unfitting armour, claws 3, fast metabolism 3, gourmand, regeneration 2,
shaggy fur 1, tough skin 2
a: Berserk, Trog's Hand, Burn Spellbooks, Renounce Religion


You were on level 2 of the Dungeon.
You worshipped Trog.
Trog was pleased with you.
You were not hungry.

You visited 1 branch of the dungeon, and saw 2 of its levels.

You collected 30 gold pieces.

Inventory:

Hand Weapons
 a - a +0 mace
 c - a +0 mace (weapon)
Armour
 b - a +0 animal skin (worn)
Jewellery
 k - an uncursed ring of fire {unknown}
Scrolls
 d - 3 scrolls of blinking {unknown}
 e - a scroll of enchant weapon {unknown}
 f - 3 scrolls of identify {unknown}
 i - a scroll of remove curse {unknown}
 j - 2 scrolls of enchant armour {unknown}
Potions
 g - a potion of invisibility {unknown}


   Skills:
 + Level 2.9 Fighting
 + Level 3.2 Maces & Flails
 + Level 3.2 Dodging
 + Level 0.1 Stealth


You had 3 spell levels left.
You didn't know any spells.

Dungeon Overview and Level Annotations

Branches:
Dungeon (2/15)

Altars:
Xom


Innate Abilities, Weirdness & Mutations

You are too large for most types of armour.
You have claws for hands.
Your metabolism is lightning-fast.
You like to eat raw meat.
You heal very quickly.
You are covered in fur (AC +1).
You have very tough skin (AC +2).


Message History

You feel yourself slow down. The giant gecko barely misses you.
The hobgoblin hits you but does no damage.
You closely miss the hobgoblin.
The hobgoblin is severely wounded.
The giant gecko bites you.
* * * LOW HITPOINT WARNING * * *
The gnoll barely misses you. The hobgoblin hits you with a club.
* * * LOW HITPOINT WARNING * * *
The giant gecko barely misses you. The gnoll barely misses you.
It was a potion of might.
You feel very mighty all of a sudden. The giant gecko barely misses you.
The hobgoblin hits you with a club.
* * * LOW HITPOINT WARNING * * *
The gnoll hits you but does no damage.
The giant gecko bites you but does no damage.
The hobgoblin closely misses you.
The gnoll hits you from afar with a spear.
* * * LOW HITPOINT WARNING * * *
The hobgoblin hits you with a club.
You die...

### #.. ##.. #... +... .#.†.
...... ###+###########.#...
...... #.........#.......##
..... #..@g...........#.
#... #..l)...........#+##
#...#####.....[..........
#....# ##g..............
#.##....#####...............
#......(r...........†...#+##
#........?.r............#$..
#.........................#
#.......g...............#.#


You could see a gnoll, a giant gecko and a hobgoblin.

Vanquished Creatures
  3 gnolls (D:2)
  An adder (D:2)
  An ooze (D:1)
  2 bats (D:1)
  2 giant cockroaches (D:2)
  7 goblins
  4 hobgoblins
  4 kobolds
  A quokka (D:2)
  A giant newt (D:1)
  5 rats
31 creatures vanquished.

Notes
Turn   | Place    | Note
--------------------------------------------------------------
     0 | D:1      | Melfield the Troll Berserker began the quest for the Orb.
     0 | D:1      | Reached XP level 1. HP: 22/22 MP: 0/0
   384 | D:1      | Reached XP level 2. HP: 10/29 MP: 1/1
   892 | D:2      | Found a shimmering altar of Xom.
   983 | D:2      | Reached XP level 3. HP: 36/36 MP: 2/2
  1088 | D:2      | Reached ** piety under Trog
  1169 | D:2      | Reached XP level 4. HP: 16/44 MP: 3/3
  1172 | D:2      | HP: 1/44 [gnoll/spear (5)]
  1173 | D:2      | Slain by a hobgoblin

Skill      XL: |  1  2  3 |
---------------+----------+-----
Maces & Flails | 3 |  3.2
Dodging        | 3 |  3.2
Fighting       | |  2.9
Stealth        | |  0.1

Action                   |  1- 3 |  4- 6 || total
-------------------------+-------+-------++-------
Melee: Mace              |   123 |     2 ||   125
Invok: Berserk           |     1 |       ||     1
  Use: Potion            |       |     1 ||     1
  Eat: Bread ration      |     2 |       ||     2
Armor: Animal skin       |    83 |     4 ||    87
Dodge: Dodged            |   131 |     7 ||   138
